Map: Heavy Artillery LE

Players

DreamsElude

  • Race: Terran Terran
  • League: Diamond
  • Spawn Location: 3:00

Debil

  • Race: Protoss Protoss
  • League: Diamond
  • Spawn Location: 1:00

qqq

  • Race: Zerg Zerg
  • League: Platinum
  • Spawn Location: 7:00

Massa

  • Race: Terran Terran
  • League: Platinum
  • Spawn Location: 7:00

VOD

Have the link to the VOD?

Description

Time

  • Played on: Sept. 25, 2020, 5:03 p.m.
  • Length: 23:10
Show
View Real Time Build Order
Export as new Build Order

DreamsElude Terran 

Build Orders:  

Get SALT Encoding   

  12  0:00  SCV  
  13  0:12  SCV  
  14  0:20  Supply Depot  
  14  0:26  Refinery  
  14  0:27  SCV  
  15  0:42  SCV  
  16  0:45  Barracks  
  16  0:54  SCV  
  17  1:06  SCV  
  17  1:07  Barracks  
  18  1:18  SCV  
  19  1:26  Refinery  
  19  1:30  SCV  
  20  1:33  Barracks Tech Lab  
  20  1:42  SCV  
  21  1:51  Factory  
  21  1:53  Marine  
  22  1:54  SCV  
  23  2:14  Supply Depot  
  23  2:18  Stimpack  
  23  2:23  Orbital Command  
  23  2:26  Barracks Reactor  
  23  2:34  Factory Tech Lab  
  23  2:35  Marine  
  24  2:42  Starport  
  24  2:55  SCV  
  24  2:57  Engineering Bay  
  25  2:59  Marine  
  25  3:04  Marine  
  27  3:12  Siege Tank  
  30  3:20  Starport Reactor  
  30  3:22  Marine  
  31  3:35  Supply Depot  
  31  3:38  Missile Turret  
  31  3:56  Marine x3  
  31  3:58  Medivac x2, Supply Depot  
  38  4:14  Marine  
  39  4:19  Marine x2  
  39  4:20  Siege Tank  
  35  4:34  Marine  
  34  4:41  Liberator  
  34  4:42  Marine x2  
  32  5:00  Marine  
  32  5:17  Supply Depot  
  32  5:18  Supply Depot  
  32  5:20  Supply Depot  
  31  5:22  Marine  
  31  5:28  Supply Depot  
  31  5:40  Marine x2  
  31  5:41  Liberator  
  36  6:00  Command Center  
  35  6:19  Marine x2  
  35  6:20  Marine  
  35  6:22  Command Center  
  38  6:37  Marine x2  
  38  6:38  SCV  
  41  6:50  SCV  
  41  6:51  Medivac x2  
  46  6:56  Siege Tank  
  49  7:07  Combat Shield  
  49  7:10  Bunker  
  49  7:24  Marine x2  
  51  7:39  Command Center  
  51  7:53  Supply Depot  
  51  8:00  Siege Tank  
  51  8:02  Marine x3  
  57  8:11  Barracks  
  57  8:15  Barracks  
  57  8:18  Barracks  
  57  8:19  Barracks  
  57  8:20  Orbital Command  
  57  8:22  SCV  
  58  8:34  SCV  
  58  8:37  Terran Infantry Weapons Level 1  
  59  8:45  SCV  
  59  8:47  SCV  
  61  8:57  Orbital Command  
  61  9:02  SCV  
  62  9:03  SCV  
  62  9:19  Marine x3  
  62  9:20  Barracks Tech Lab x3  
  65  9:24  SCV x2  
  65  9:25  SCV  
  68  9:42  Engineering Bay  
  68  9:44  Armory  
  69  9:45  SCV x2  
  69  9:46  SCV, Supply Depot  
  69  9:48  Barracks Reactor  
  71  9:54  Marine x5  
  71  9:57  SCV  
  71  9:58  SCV x2  
  79  10:10  SCV x3  
  82  10:14  Terran Infantry Armor Level 1  
  82  10:20  Supply Depot  
  79  10:22  SCV x3  
  80  10:29  Supply Depot  
  80  10:30  Marine  
  80  10:31  Marauder x3, Marine  
  87  10:36  Siege Tank  
  87  10:41  Liberator  
  93  10:44  Liberator  
  93  10:48  SCV  
  93  10:49  SCV x2  
  99  10:53  Refinery x2  
  99  11:02  Marine x2  
  101  11:10  Supply Depot  
  101  11:12  Supply Depot  
  101  11:14  Supply Depot  
  101  11:31  Marine x4  
  101  11:32  Marauder x2  
  109  11:33  Marine x2, Medivac x2  
  115  11:43  Terran Infantry Weapons Level 2  
  115  11:46  SCV x3  
  118  11:49  Marine x2  
  118  11:50  Marauder  
  118  11:51  Refinery x2, Marine  
  123  11:58  SCV x3  
  126  12:10  SCV x2  
  126  12:11  SCV  
  126  12:13  Supply Depot  
  129  12:17  Terran Vehicle Weapons Level 1  
  129  12:19  Marine x4  
  129  12:21  Supply Depot  
  133  12:24  Supply Depot  
  133  12:25  SCV x2, Marine x3  
  137  12:39  Command Center  
  137  12:49  Marine  
  137  12:50  Marauder x3, Marine x2  
  137  12:51  Siege Tank  
  149  13:03  SCV x3  
  149  13:04  Marine  
  149  13:05  Marauder, Medivac x2  
  157  13:07  Marine  
  157  13:10  Terran Infantry Armor Level 2  
  157  13:11  Marauder  
  162  13:15  SCV  
  162  13:16  SCV x2  
  165  13:36  Supply Depot  
  165  13:40  SCV x3, Marine x2  
  165  13:41  Marauder  
  172  13:42  Marauder, Marine x2, Supply Depot  
  172  13:43  Marauder  
  172  13:44  Supply Depot  
  172  13:45  Supply Depot  
  178  13:49  Supply Depot  
  178  13:52  Planetary Fortress  
  178  13:55  Missile Turret  
  178  13:56  Marine  
  178  13:58  Marine  
  178  14:02  Marauder  
  182  14:03  Marine x2  
  182  14:04  Supply Depot  
  184  14:13  Supply Depot  
  184  14:17  Marine x2  
  184  14:18  Marauder x2  
  184  14:23  SCV x3  
  193  14:26  Refinery  
  193  14:30  Refinery, Fusion Core  
  193  14:35  Starport  
  151  15:00  Marine x2  
  151  15:01  Marauder x3, Marine x2, Medivac  
  151  15:02  Medivac  
  114  15:39  Marine x4  
  114  15:40  Marauder x4  
  126  15:47  Barracks  
  126  15:48  Barracks  
  126  15:49  Barracks x2  
  123  15:51  Barracks, Medivac x2  
  123  15:52  Siege Tank  
  123  15:54  Barracks  
  130  15:57  Marine x3  
  130  16:01  Marauder x3  
  139  16:08  Marine  
  139  16:09  Marauder  
  142  16:12  Advanced Ballistics  
  142  16:15  Marine x2, Command Center  
  143  16:21  Medivac  
  143  16:22  Marauder  
  147  16:26  Marauder, Marine x3  
  147  16:27  Medivac  
  147  16:28  Siege Tank  
  147  16:30  Marauder  
  159  16:32  Marine  
  160  16:44  Marauder x2  
  162  16:50  Marauder, Marine x3  
  162  16:51  Marauder  
  162  16:53  Barracks Tech Lab x4  
  169  16:56  Command Center  
  169  16:57  Marine  
  169  17:00  Terran Infantry Weapons Level 3  
  170  17:02  Barracks Tech Lab  
  170  17:05  Marauder, Marine  
  170  17:06  Terran Infantry Armor Level 3  
  170  17:07  Barracks Tech Lab  
  170  17:12  Marauder  
  172  17:27  Marine x2  
  172  17:28  Marauder x2  
  181  17:44  Siege Tank  
  181  17:45  Marine x2  
  181  17:46  Marauder x2, Marine x2  
  181  17:47  Marauder x4, Marine x2  
  181  17:48  Marine  
  176  18:21  Marauder, Marine x3  
  176  18:22  Marauder  
  178  18:31  Marine  
  178  18:32  Marauder x2, Marine  
  176  18:40  Marine  
  176  18:41  Marauder x3, Marine x3  
  174  18:55  Marauder, Marine x4  
  171  18:56  Marauder x2  
  171  18:58  Marine x2  
  171  18:59  Widow Mine, Marauder, Marine, Medivac  
  170  19:02  Marauder  
  170  19:03  Marauder x2  
  166  19:13  Marauder, Marine  
  166  19:14  Marauder x2  
  166  19:16  Marine x3  
  172  19:17  Marauder x3  
  172  19:20  Marine, Siege Tank  
  172  19:23  Marine  
  181  19:24  Marauder  
  181  19:29  Marine  
  181  19:30  Marine  
  182  19:31  Medivac x2  
  182  19:34  Marine x6  
  182  19:38  Marine  
  193  19:44  Marine x2  
  193  19:45  Marauder x2, Marine  
  188  19:58  Marauder x2, Marine x3  
  188  19:59  Marauder  
  186  20:28  Marauder, Marine x6  
  181  20:29  Marauder x5, Marine x2  
  177  20:46  Marine x4  
  177  20:47  Marauder x3, Marine  
  177  20:49  Marine x2  
  188  20:50  Marauder, Marine x2  
  192  21:01  Marine  
  192  21:03  Marine  
  192  21:04  Marine  
  190  21:05  Marauder  
  190  21:07  Planetary Fortress  
  190  21:08  Marauder  
  188  21:26  Marauder, Marine x3  
  188  21:27  Marauder x2  
  190  21:36  Marauder, Marine x2  
  190  21:37  Marauder  
  193  21:45  Hi-Sec Auto Tracking  
  192  22:01  Marauder, Marine x2  
  193  22:02  Marauder  
  197  22:09  Widow Mine, Marine  
  197  22:25  Marine  
  197  22:26  Marauder  
  194  22:43  Marine x2  
  194  22:44  Marauder x3, Marine x2  
  188  22:49  Marauder, Marine x2  
Show
View Real Time Build Order
Export as new Build Order

Debil Protoss 

Build Orders:  

Get SALT Encoding   

  12  0:00  Probe  
  13  0:12  Probe  
  14  0:19  Pylon  
  14  0:24  Probe  
  15  0:38  Probe (Chrono Boost), Gateway  
  17  0:50  Probe (Chrono Boost), Assimilator  
  17  0:54  Probe (Chrono Boost)  
  18  1:01  Pylon  
  18  1:05  Probe  
  19  1:17  Probe  
  20  1:25  Cybernetics Core  
  20  1:29  Probe  
  21  1:33  Assimilator  
  21  1:41  Probe  
  22  1:53  Probe  
  23  1:57  Nexus  
  23  2:05  Probe  
  24  2:12  Warp Gate  
  24  2:13  Stalker  
  26  2:19  Probe  
  26  2:20  Pylon  
  27  2:31  Probe (Chrono Boost)  
  27  2:32  Robotics Facility  
  28  2:43  Probe (Chrono Boost), Sentry  
  31  2:47  Probe (Chrono Boost)  
  31  2:50  Gateway  
  32  2:58  Probe  
  33  3:02  Pylon  
  33  3:09  Stalker  
  33  3:10  Probe (Chrono Boost)  
  33  3:11  Probe (Chrono Boost)  
  40  3:20  Probe x2 (Chrono Boost)  
  40  3:25  Probe x2 (Chrono Boost)  
  41  3:36  Probe  
  41  3:37  Probe  
  41  3:40  Gateway  
  43  3:44  Pylon  
  43  3:45  Observer  
  45  3:48  Probe  
  45  3:49  Probe  
  46  3:56  Assimilator  
  46  4:00  Probe  
  46  4:01  Probe  
  48  4:06  Stalker x2  
  52  4:11  Shield Battery  
  52  4:12  Probe  
  52  4:16  Gateway  
  43  4:32  Stalker  
  41  4:42  Stalker  
  32  4:45  Immortal  
  32  4:56  Stalker  
  29  5:10  Stalker  
  31  5:21  Stalker  
  31  5:22  Stalker  
  31  5:23  Probe  
  31  5:24  Probe  
  35  5:37  Zealot  
  35  5:42  Cybernetics Core  
  37  5:49  Immortal  
  41  5:51  Probe  
  41  5:53  Probe  
  41  5:54  Pylon  
  43  6:02  Pylon  
  43  6:03  Probe  
  42  6:26  Observer, Stalker x3  
  42  6:32  Probe x2  
  50  6:44  Probe (Chrono Boost)  
  50  6:45  Probe (Chrono Boost)  
  52  6:57  Probe x2 (Chrono Boost)  
  52  7:00  Sentry  
  56  7:02  Robotics Bay  
  56  7:05  Probe x2 (Chrono Boost)  
  56  7:08  Pylon  
  58  7:16  Zealot  
  58  7:17  Zealot x2  
  64  7:24  Twilight Council  
  64  7:28  Probe x2  
  66  7:40  Probe, Nexus  
  67  7:45  Probe  
  67  7:46  Pylon  
  67  7:50  Extended Thermal Lance (Chrono Boost)  
  68  7:52  Probe  
  68  7:54  Charge (Chrono Boost)  
  68  7:57  Probe, Zealot  
  72  8:04  Probe  
  73  8:10  Pylon  
  73  8:13  Pylon  
  73  8:20  Zealot x3  
  79  8:27  Probe x2  
  80  8:35  Observer (Chrono Boost)  
  80  8:39  Probe  
  82  8:45  Gateway  
  82  8:47  Colossus (Chrono Boost)  
  82  8:52  Probe x3  
  91  8:56  Zealot  
  93  9:04  Probe x2  
  95  9:26  Observer  
  95  9:28  Zealot  
  95  9:29  Zealot x3  
  104  9:34  Blink (Chrono Boost)  
  104  9:40  Colossus  
  104  9:44  Zealot  
  106  9:47  Forge  
  106  9:50  Forge  
  112  9:58  Zealot x2  
  116  10:03  Assimilator  
  116  10:06  Gateway  
  116  10:08  Gateway  
  116  10:11  Gateway  
  116  10:20  Protoss Ground Armor Level 1 (Chrono Boost)  
  116  10:22  Assimilator  
  116  10:28  Templar Archives  
  116  10:33  Protoss Ground Weapons Level 1 (Chrono Boost)  
  116  10:34  Pylon  
  116  10:37  Gravitic Boosters (Chrono Boost)  
  116  10:38  Pylon  
  116  10:45  Probe  
  117  10:50  Colossus  
  117  10:52  Probe x2  
  117  10:54  Pylon  
  125  10:57  Psionic Storm  
  125  11:11  Probe x3  
  128  11:13  Assimilator  
  128  11:18  Nexus  
  128  11:21  Assimilator  
  128  11:26  Assimilator  
  128  11:27  Gravitic Drive  
  128  11:29  Pylon  
  128  11:30  Pylon  
  126  11:33  Pylon  
  126  11:35  Pylon  
  126  11:38  Pylon  
  126  11:39  High Templar x2  
  130  11:40  High Templar, Zealot  
  130  11:41  Zealot x3  
  140  11:54  Probe x2  
  140  11:55  Probe  
  143  12:01  Photon Cannon  
  143  12:05  Colossus (Chrono Boost), Gateway  
  143  12:08  Gateway  
  149  12:09  Shield Battery  
  149  12:12  Shield Battery  
  149  12:13  Photon Cannon  
  149  12:14  Gateway, Zealot, Protoss Ground Weapons Level 2 (Chrono Boost)  
  149  12:15  Zealot x2, Protoss Ground Armor Level 2 (Chrono Boost)  
  155  12:17  Gateway  
  155  12:21  Shield Battery  
  155  12:23  Shield Battery  
  155  12:28  Probe x3  
  158  12:39  Probe  
  158  12:40  Probe x3, Photon Cannon  
  162  12:45  High Templar x2  
  166  12:51  Probe  
  166  12:55  Warp Prism (Chrono Boost)  
  169  13:08  Photon Cannon  
  169  13:12  Zealot x3  
  173  13:13  Zealot  
  173  13:18  High Templar  
  173  13:19  High Templar x3  
  185  13:24  Robotics Facility  
  185  13:25  Archon x2  
  185  13:34  Stalker  
  185  13:35  Stalker x4  
  185  13:37  Pylon  
  195  13:43  Shield Battery  
  195  13:46  Shield Battery  
  195  13:51  Probe  
  196  13:55  Probe x3  
  196  13:58  Pylon  
  199  14:04  Shield Battery  
  199  14:07  Shield Battery  
  199  14:09  Protoss Ground Weapons Level 3 (Chrono Boost)  
  199  14:10  Protoss Ground Armor Level 3 (Chrono Boost)  
  153  15:12  Zealot  
  153  15:13  Zealot x3  
  153  15:14  Zealot x5  
  151  15:19  Immortal x2  
  151  15:21  Observer  
  167  15:27  Zealot  
  167  15:28  Zealot x2  
  167  15:41  High Templar x4  
  175  15:45  Archon x2  
  175  15:51  Observer  
  175  15:58  Immortal x2  
  175  15:59  High Templar  
  175  16:02  High Templar  
  187  16:09  Archon  
  185  16:29  Stalker x5  
  185  16:30  Stalker  
  181  16:43  Protoss Shields Level 1 (Chrono Boost)  
  181  16:46  Colossus  
  170  16:47  Immortal  
  170  16:50  Stalker x2  
  170  16:51  Stalker x4  
  192  17:11  Sentry  
  194  17:20  Observer  
  194  17:21  Robotics Facility  
  194  17:25  Shield Battery  
  194  17:26  Shield Battery  
  194  17:27  Observer  
  193  17:36  High Templar x2, Sentry  
  176  18:18  High Templar x2  
  176  18:19  High Templar x2  
  184  18:22  Archon  
  184  18:23  Archon  
  182  18:43  Stalker x5  
  182  18:44  Stalker  
  188  18:57  Zealot x5  
  188  18:58  Zealot  
  182  19:09  Zealot  
  166  19:10  Zealot x5  
  146  19:32  Zealot x5  
  146  19:33  Protoss Shields Level 2 (Chrono Boost), Zealot x3  
  146  19:34  Zealot x2  
  146  19:37  Observer  
  167  19:57  Zealot x3  
  167  19:58  Zealot x6  
  167  19:59  Zealot  
  179  20:24  Zealot x4  
  179  20:25  Zealot x5  
  179  20:26  Zealot  
  145  20:44  Immortal x2  
  151  20:54  Zealot x6  
  151  20:55  Zealot x4  
  169  21:01  Immortal  
  171  21:23  Colossus  
  171  21:24  Immortal  
  175  21:30  Zealot x2  
  175  21:31  Zealot x5  
  175  21:32  Zealot x2  
  157  21:40  Immortal  
  143  21:58  Zealot x5  
  143  21:59  Zealot x5  
  161  22:03  Immortal  
  161  22:07  Pylon, Nexus  
  161  22:08  Assimilator  
  165  22:09  Pylon  
  165  22:10  Pylon  
  165  22:11  Assimilator  
  165  22:12  Pylon x2  
  159  22:25  Zealot x2  
  159  22:26  Zealot x3  
  159  22:27  Zealot x4  
  159  22:28  Zealot  
  171  22:53  High Templar x3  
  171  22:54  High Templar x2  
  171  22:55  Stalker x2  
  171  22:56  High Templar  
  185  22:59  Archon x2  
  185  23:00  Archon  
Show
View Real Time Build Order
Export as new Build Order

qqq Zerg 

Build Orders: Hatch First, Lurkers 

Get SALT Encoding   

  12  0:01  Drone  
  13  0:08  Drone  
  14  0:34  Hatchery  
  13  0:40  Drone  
  14  0:59  Spawning Pool  
  14  1:03  Overlord  
  13  1:08  Drone  
  14  1:11  Extractor  
  13  1:19  Drone  
  13  1:22  Drone  
  15  1:33  Drone  
  16  1:57  Drone  
  16  1:58  Drone, Queen  
  16  2:01  Drone x2  
  21  2:02  Drone  
  23  2:13  Drone  
  23  2:14  Drone  
  24  2:19  Metabolic Boost  
  24  2:26  Overlord  
  24  2:30  Drone  
  24  2:32  Zergling x2  
  26  2:38  Zergling x2  
  26  2:41  Overlord  
  28  2:44  Zergling x2  
  28  2:55  Drone  
  28  2:56  Roach Warren  
  28  2:59  Zergling x2  
  28  3:02  Zergling x2  
  30  3:07  Zergling x4  
  30  3:10  Zergling x2  
  33  3:13  Zergling x2  
  33  3:15  Zergling x2  
  33  3:19  Zergling x2  
  36  3:26  Zergling x2  
  38  3:27  Zergling x2  
  38  3:33  Lair  
  38  3:35  Zergling x2  
  39  3:46  Zergling x6  
  39  3:47  Zergling x2  
  43  3:53  Overlord  
  43  3:55  Drone  
  44  4:03  Overlord  
  44  4:04  Overlord  
  44  4:14  Zergling x2  
  44  4:15  Zergling x2  
  40  4:37  Zergling x2  
  40  4:38  Roach x2  
  44  4:39  Drone, Zergling x4  
  44  4:42  Glial Reconstitution  
  42  5:00  Zergling x4  
  42  5:01  Zergling x4  
  45  5:09  Zergling x2  
  41  5:27  Roach x3  
  41  5:28  Roach x2  
  47  5:45  Drone x2, Roach x2  
  53  5:56  Queen  
  55  5:57  Drone  
  55  5:59  Drone  
  55  6:02  Roach  
  59  6:07  Hatchery  
  52  6:32  Roach x3  
  60  6:33  Drone x3, Roach  
  63  6:43  Spore Crawler  
  63  6:44  Overlord  
  63  6:45  Overlord  
  62  6:49  Spore Crawler  
  61  7:01  Overlord x2  
  61  7:02  Hydralisk Den  
  61  7:08  Drone x2  
  62  7:10  Hatchery  
  62  7:12  Drone  
  62  7:21  Drone x5  
  62  7:22  Queen  
  67  7:28  Drone x4  
  73  7:32  Extractor  
  73  7:36  Infestation Pit  
  72  7:37  Drone x2  
  72  7:41  Extractor  
  72  7:42  Extractor  
  72  7:44  Drone  
  72  7:51  Drone  
  73  7:55  Roach x2  
  77  7:59  Grooved Spines  
  77  8:02  Zergling x6  
  77  8:04  Drone x4  
  84  8:16  Drone x4  
  88  8:26  Zergling x2  
  89  8:53  Hive  
  89  8:54  Hydralisk x3, Lurker Den  
  89  8:55  Hydralisk  
  96  8:58  Overlord x3  
  96  8:59  Overlord x5  
  96  9:16  Queen, Evolution Chamber  
  97  9:19  Evolution Chamber  
  97  9:21  Spore Crawler  
  95  9:25  Hydralisk x2  
  95  9:26  Hydralisk x3  
  95  9:27  Drone  
  95  9:28  Drone x2  
  95  9:30  Drone  
  109  9:32  Drone  
  109  9:33  Drone  
  109  9:37  Muscular Augments  
  111  9:39  Drone x2  
  111  9:41  Drone  
  114  10:14  Viper  
  114  10:17  Zergling x10  
  114  10:18  Drone x6  
  114  10:21  Lurker x3  
  130  10:24  Lurker  
  128  10:33  Hatchery, Spore Crawler  
  128  10:35  Spore Crawler  
  125  10:37  Spine Crawler  
  124  10:52  Hydralisk x2  
  124  10:53  Hydralisk  
  124  10:54  Zergling x6  
  124  10:55  Drone x3  
  124  10:56  Drone x3  
  139  10:58  Extractor  
  139  10:59  Zerg Melee Weapons Level 1  
  139  11:00  Extractor, Zerg Missile Weapons Level 1  
  137  11:04  Overlord x2  
  137  11:07  Drone  
  137  11:10  Seismic Spines  
  138  11:32  Lurker x2  
  140  11:34  Zergling x8  
  140  11:35  Drone x4  
  140  11:36  Drone  
  149  11:41  Drone  
  149  11:42  Hatchery, Hydralisk x2  
  149  11:46  Hatchery  
  152  11:57  Viper  
  155  12:08  Lurker  
  155  12:10  Zergling x6  
  155  12:11  Drone, Zergling x4  
  155  12:12  Drone x5  
  167  12:20  Extractor  
  167  12:21  Extractor  
  165  12:55  Viper  
  165  12:56  Hydralisk x5  
  179  12:58  Drone x3  
  179  12:59  Drone x8  
  189  13:20  Hydralisk  
  189  13:21  Hydralisk  
  193  13:30  Ultralisk Cavern  
  193  13:33  Overlord x2  
  193  13:34  Hatchery, Overlord  
  192  13:38  Adaptive Talons  
  192  13:39  Zerg Melee Weapons Level 2  
  190  13:41  Zerg Ground Armor Level 1  
  190  13:43  Hatchery  
  190  13:47  Pneumatized Carapace  
  189  13:50  Neural Parasite  
  189  13:54  Burrow  
  189  13:56  Zergling x8  
  189  13:57  Drone x3  
  189  13:58  Drone x2  
  193  14:20  Lurker x4  
  193  14:21  Lurker  
  158  15:15  Roach x5  
  158  15:16  Ultralisk x4  
  158  15:18  Ultralisk  
  158  15:19  Zergling x2  
  158  15:20  Zergling x2  
  200  15:35  Zerg Missile Weapons Level 2  
  188  15:47  Lurker x2  
  188  15:48  Lurker x2  
  188  15:49  Viper  
  194  15:52  Drone x2  
  194  15:53  Drone x3  
  199  16:02  Extractor  
  199  16:03  Extractor  
  197  16:04  Anabolic Synthesis  
  197  16:26  Drone  
  197  16:27  Drone x3  
  194  16:47  Chitinous Plating  
  194  17:26  Drone x5  
  169  18:35  Roach x3  
  169  18:36  Ultralisk x4  
  169  18:38  Zergling x2  
  151  19:19  Spine Crawler  
  151  19:20  Drone x2, Spine Crawler x2  
  151  19:21  Drone, Spine Crawler, Spore Crawler  
  151  19:22  Spore Crawler  
  148  19:27  Extractor x2  
  148  19:30  Zerg Ground Armor Level 2, Zerg Missile Weapons Level 3  
  146  19:33  Hydralisk x6, Ultralisk x3  
  146  19:36  Roach x10  
  196  19:42  Hatchery  
  188  19:51  Viper x3  
  194  20:12  Ultralisk  
  200  20:21  Extractor  
  200  20:22  Extractor  
  177  20:29  Roach x3  
  177  20:30  Roach x3  
  177  20:34  Hydralisk x2  
  177  20:35  Hydralisk  
  130  20:47  Ultralisk x3  
  140  20:52  Roach  
  140  20:53  Hydralisk x2, Ultralisk x2, Roach x2  
  140  20:54  Hydralisk, Ultralisk  
  140  20:55  Roach x3  
  140  20:57  Ultralisk x2  
  176  21:04  Hatchery  
  176  21:06  Hatchery  
  176  21:08  Hatchery  
  176  21:10  Zergling x10  
  175  21:26  Roach x6  
  175  21:27  Ultralisk x2  
  175  21:28  Zergling x6  
  175  21:30  Zergling x2  
  112  21:55  Roach x2  
  112  21:56  Ultralisk x2, Roach  
  112  21:57  Zergling x8  
  112  21:58  Zergling x4  
  124  22:11  Hatchery  
  100  22:17  Roach x2  
  100  22:18  Roach x4  
  100  22:19  Zergling x6  
  100  22:20  Zergling x2  
  87  22:35  Zergling x8  
  87  22:36  Overlord  
  87  22:37  Zergling x4, Overlord  
  69  22:50  Zergling x4  
  59  22:51  Zergling x2  
  59  22:52  Zergling x8  
  56  23:10  Hatchery  
Show
View Real Time Build Order
Export as new Build Order

Massa Terran 

Build Orders:  

Get SALT Encoding   

  12  0:00  SCV  
  13  0:12  SCV  
  14  0:23  Supply Depot  
  14  0:24  SCV  
  15  0:45  SCV  
  15  0:46  Barracks  
  16  0:50  Refinery  
  17  0:57  SCV  
  17  1:09  SCV  
  18  1:21  SCV  
  19  1:33  SCV  
  19  1:34  Reaper  
  21  1:41  Command Center  
  21  1:46  Orbital Command  
  21  2:05  Barracks  
  21  2:06  Barracks  
  21  2:08  Marine  
  22  2:19  SCV  
  23  2:29  Barracks Reactor, Factory  
  23  2:39  Supply Depot  
  23  2:52  SCV  
  23  2:53  Marine  
  25  2:59  Supply Depot  
  25  3:00  Marine  
  25  3:04  SCV  
  27  3:05  Orbital Command  
  27  3:07  Marine  
  27  3:09  Marine  
  27  3:11  Marine  
  30  3:18  Marine  
  31  3:26  Supply Depot  
  32  3:28  Marine  
  32  3:36  Hellion  
  32  3:37  Hellion  
  32  3:40  Marine  
  37  3:52  Marine  
  37  3:53  Marine  
  39  3:55  SCV  
  39  3:58  Hellion, Marine  
  39  4:02  SCV  
  44  4:08  SCV  
  45  4:10  Marine x2  
  45  4:14  SCV  
  45  4:16  Engineering Bay, Marine  
  38  5:05  Command Center  
  37  5:08  Missile Turret x2  
  37  5:09  Terran Infantry Weapons Level 1  
  33  5:21  SCV  
  33  5:22  SCV  
  33  5:27  Marine x3  
  38  5:31  Hellion x2, Missile Turret  
  38  5:34  SCV x2  
  39  5:45  Marine x3  
  39  5:46  SCV x2  
  43  5:52  Hellion x2  
  43  5:53  Engineering Bay  
  47  5:57  Armory  
  47  5:58  SCV  
  47  6:02  Missile Turret  
  47  6:03  Marine  
  49  6:07  Refinery, SCV  
  49  6:10  SCV  
  51  6:12  Barracks Tech Lab  
  51  6:14  Hellion  
  51  6:15  Marine  
  51  6:17  Hellion  
  56  6:19  SCV  
  56  6:20  Marine  
  56  6:22  SCV, Missile Turret  
  56  6:33  Marine  
  56  6:35  Hellion  
  56  6:39  Widow Mine  
  61  6:43  Missile Turret x2  
  61  6:45  SCV x2  
  64  6:48  Orbital Command  
  64  6:50  Terran Infantry Armor Level 1  
  64  6:52  Terran Vehicle Weapons Level 1  
  63  6:54  Refinery  
  63  6:56  Widow Mine  
  63  6:57  Refinery, SCV x2  
  63  7:00  Widow Mine  
  69  7:07  Missile Turret  
  69  7:09  SCV x2  
  69  7:11  Barracks Tech Lab  
  69  7:12  Barracks Reactor  
  69  7:13  Marauder  
  73  7:15  Stimpack  
  73  7:18  Widow Mine  
  73  7:21  SCV  
  73  7:22  SCV  
  77  7:25  Supply Depot  
  77  7:30  Missile Turret  
  77  7:33  Supply Depot  
  77  7:44  Orbital Command  
  77  7:47  Widow Mine x2, SCV x2, Marauder  
  77  7:49  Supply Depot  
  85  7:52  Missile Turret  
  85  7:55  Marauder, Marine x2  
  85  7:56  Concussive Shells, Supply Depot  
  89  7:59  SCV  
  90  8:05  Terran Infantry Weapons Level 2  
  90  8:09  Marauder  
  90  8:11  Widow Mine x2  
  96  8:12  Marine  
  96  8:13  Missile Turret, Supply Depot  
  96  8:17  Marauder  
  99  8:26  Starport  
  99  8:27  Supply Depot  
  99  8:29  Supply Depot  
  99  8:30  Supply Depot  
  99  8:46  Marauder x2, Marine  
  99  8:47  Marine, Combat Shield  
  105  8:53  Barracks  
  105  8:57  Barracks  
  105  9:03  Medivac  
  105  9:07  Marauder x2  
  111  9:14  Widow Mine x2  
  111  9:16  Marine x2  
  115  9:29  Marauder x2  
  119  9:33  Marine  
  119  9:34  Marine  
  119  9:35  Refinery  
  119  9:36  Refinery  
  121  9:50  Marauder x2  
  121  9:51  Marine  
  126  10:06  Barracks Tech Lab  
  126  10:07  Barracks Reactor, Marine  
  126  10:09  Marine  
  126  10:11  Marauder x2  
  132  10:16  Starport Reactor, Command Center  
  132  10:25  Factory, Marine  
  132  10:27  Marine  
  134  10:33  Marauder x2  
  138  10:43  Marine  
  138  10:45  Marine  
  140  11:01  Marine  
  140  11:03  Supply Depot  
  140  11:04  Supply Depot  
  141  11:05  Supply Depot x2  
  141  11:07  Supply Depot  
  141  11:13  Supply Depot x2  
  141  11:24  Widow Mine x2, Marine x4  
  141  11:25  Marauder x2, Viking x2  
  157  11:27  Marauder, Supply Depot x2  
  157  11:28  Orbital Command  
  157  11:31  Supply Depot x2  
  157  11:38  Supply Depot x2  
  155  11:42  Marine x4  
  155  11:46  Widow Mine  
  165  11:47  Marauder x2  
  165  11:48  Marauder  
  165  11:49  Factory Tech Lab  
  166  11:55  Viking x2  
  166  11:59  Marine x2  
  166  12:00  Command Center  
  172  12:02  Supply Depot  
  172  12:03  Supply Depot  
  172  12:09  Marauder  
  172  12:11  Terran Infantry Armor Level 2, Terran Infantry Weapons Level 3  
  174  12:19  Terran Vehicle And Ship Armor Level 1  
  174  12:24  Armory, Siege Tank  
  174  12:25  Viking x2  
  174  12:26  Supply Depot  
  174  12:27  Supply Depot  
  179  12:44  Marauder, Marine x2  
  179  12:45  Marauder x2, Marine  
  188  12:52  Ghost Academy  
  188  12:57  Ghost Academy  
  188  12:58  Orbital Command  
  188  13:01  SCV x3  
  191  13:06  Marauder x2  
  195  13:13  SCV x3  
  198  13:25  SCV  
  195  13:36  Terran Vehicle Weapons Level 2  
  195  13:39  Siege Tank  
  195  13:40  Drilling Claws  
  198  14:08  Enhanced Shockwaves  
  198  14:09  Personal Cloaking  
  198  14:48  Terran Vehicle And Ship Armor Level 2, Terran Infantry Armor Level 3  
  198  14:58  Smart Servos  
  125  15:13  Marauder x3  
  128  15:15  Marine x2  
  128  15:16  Marine  
  128  15:17  Marine  
  128  15:27  Nuke  
  114  15:33  Ghost, Marine x3  
  114  15:34  Nuke, Ghost x2  
  114  15:35  Marine  
  122  15:36  Viking x2  
  122  15:39  Siege Tank  
  129  15:44  Refinery  
  129  15:46  Refinery  
  129  15:51  Marine x3  
  129  15:53  Marine  
  133  16:02  Ghost x3  
  139  16:06  Viking x2  
  139  16:09  Marine x3  
  139  16:10  Marine  
  139  16:11  Siege Tank  
  148  16:27  Marine x2  
  148  16:30  Ghost  
  148  16:32  Marauder x2  
  151  16:43  Siege Tank  
  152  17:08  Neosteel Armor  
  150  17:10  Terran Vehicle And Ship Armor Level 3, Terran Vehicle Weapons Level 3  
  150  17:14  Marauder x3, Marine x4  
  160  17:25  Hi-Sec Auto Tracking  
  160  17:32  Marine x4  
  160  17:33  Siege Tank  
  160  17:35  Marauder x3  
  173  17:50  Marine x4  
  177  17:56  Marine x3  
  180  18:05  Siege Tank  
  183  18:12  Marine x4  
  184  18:14  Marauder x3  
  184  18:16  Widow Mine  
  184  18:17  Widow Mine  
  197  18:30  Marine x3  
  112  19:28  Marauder, Marine  
  112  19:29  Marauder x2, Marine x3  
  96  19:39  Siege Tank  
  96  19:40  Widow Mine x2  
  101  19:46  Marine  
  101  19:47  Marine x3  
  101  19:50  Marauder x3  
  111  20:02  Widow Mine x2  
  111  20:04  Marine x3  
  111  20:05  Marine  
  119  20:11  Marauder x2, Marine, Siege Tank  
  123  20:23  Widow Mine  
  93  20:40  Marauder x3  
  93  20:41  Marine x4  
  77  20:59  Marine x4  
  77  21:01  Marauder  
  77  21:02  Widow Mine, Marauder x2  
  77  21:03  Widow Mine  
  84  21:17  Marine x2  
  88  21:23  Marauder, Marine  
  72  21:27  Siege Tank  
  61  21:35  Marine x2  
  61  21:37  Orbital Command  
  59  21:40  Marine  
  59  21:44  Barracks  
  59  21:45  Barracks  
  60  21:47  Barracks  
  60  21:50  Barracks  
  60  21:51  Barracks  
  60  21:52  Marine  
  60  21:53  Marine  
  60  21:59  Marauder, Siege Tank  
  59  22:02  Medivac x2  
  63  22:10  Marine x2  
  60  22:20  Marauder  
  46  22:28  Marine x2  
  44  22:36  Barracks  
  37  22:49  Marine x3  
Tags
 
Add a new tag
Caveats
  • Supply blocks, unpowered buildings, or Contaminate may cause inaccurate times.
  • Supply counts are checked every 10 seconds.